 Dungeon Sprint DCSS version 0.21-a0-405-gf2af9a1 (webtiles) character file.

57 Kidiri the Charmwright (level 3, -4/33 HPs)
             Began as a Demigod Skald on Nov 1, 2017.
             Slain by a water elemental (17 damage)
             ... in the Dungeon (Sprint III: "The Ten Rune Challenge").
             The game lasted 00:03:16 (452 turns).

Kidiri the Charmwright (Demigod Skald)               Turns: 452, Time: 00:03:16

Health: -4/33      AC:  5    Str: 16    XL:     3   Next: 50%
Magic:  9/10       EV: 13    Int: 17    God:
Gold:   19         SH:  0    Dex: 15    Spells: 0/8 levels left

rFire    . . .     SeeInvis .   a - +0 falchion
rCold    . . .     Gourm    .   (no shield)
rNeg     . . .     Faith    .   b - +0 leather armour
rPois    +         Spirit   .   (helmet restricted)
rElec    .         Reflect  .   m - +1 cloak {rPois}
rCorr    .         Harm     .   (no gloves)
MR       .....     NoTele   +   (no boots)
Stlth    ++........             k - amulet of magic regeneration
HPRegen  0.11/turn              (no ring)
MPRegen  0.37/turn              (no ring)

@: infused
A: horns 1, high mp 1, robust 1
a: no special abilities


You were in the Dungeon.
You were not hungry.

You visited 1 branch You collected 19 gold pieces.

Inventory:

Hand Weapons
 a - a +0 falchion (weapon)
 f - a +4 quarterstaff of chaos
Armour
 b - a +0 leather armour (worn)
 m - a +1 cloak of poison resistance (worn)
Jewellery
 k - an amulet of magic regeneration (around neck)
Wands
 e - a wand of random effects (31/48)
Scrolls
 j - a scroll of blinking
 o - a scroll of holy word {unknown}
 p - a scroll of identify {unknown}
 q - 3 scrolls of remove curse
 s - a scroll of immolation {unknown}
 t - a scroll of amnesia {unknown}
Potions
 g - a potion of haste
 h - 2 potions of magic
 i - a potion of berserk rage
 n - a potion of mutation
 r - a potion of flight {unknown}
 u - a potion of heal wounds
Books
 c - a book of Battle

   Spells                             Type                      Level
   a - Infusion                       Charms                       1
   b - Shroud of Golubria             Charms/Translocation         2
   c - Song of Slaying                Charms                       2
   d - Spectral Weapon                Hexes/Charms                 3
   e - Regeneration                   Charms/Necromancy            3
Comestibles
 d - 3 bread rations
 l - a chunk of flesh


   Skills:
 + Level 2.6 Fighting
 * Level 3.3 Long Blades
 * Level 2.9 Armour
 + Level 2.6 Dodging
 + Level 1.9 Stealth
 * Level 3.1 Spellcasting
 + Level 3.3 Charms
 + Level 0.0 Necromancy
 + Level 1.2 Translocations


You couldn't memorise any spells.
You knew the following spells:

 Your Spells              Type           Power        Failure   Level  Hunger
a - Infusion              Chrm           ##..         4%          1    None
b - Song of Slaying       Chrm           ##......     8%          2    ##.....
c - Shroud of Golubria    Chrm/Tloc      ##........   12%         2    ##.....
d - Regeneration          Chrm/Necr      #.........   30%         3    ###....


Dungeon Overview and Level Annotations

Branches:
Dungeon (1/1)


Innate Abilities, Weirdness & Mutations

You have an increased reservoir of magic. (+10% MP)
You have a pair of small horns on your head.
You are robust. (+10% HP)


Message History

You open the door.
A water elemental comes into view.
There is an open door to the Ecumenical Temple here.
The helpless water elemental fails to defend itself.
You hit the water elemental.
The water elemental is lightly damaged.
The water elemental hits you!
The water elemental engulfs you in water!
Your shroud falls apart!
With effort, you pull free of the water engulfing you.
You gasp with relief as air once again reaches your lungs.
The water elemental hits you! The water elemental misses you.
You riposte.
You hit the water elemental.
The water elemental is lightly damaged.
You hit the water elemental but do no damage.
You headbutt the water elemental.
The water elemental is heavily damaged.
The water elemental hits you!
Ouch! That really hurt!
You die...

▓▓▓▓▓▓▓▓▓ ▓▓▓ ..+.....♣
♣.# ..#.....♣ ♣♣.#
###.....♣♣ ♣..#
..#....≈.♣♣♣..###+#+###+
..#...≈≈..♣♣..#.........
..#..≈≈≈≈♣..♣.'.E.......
#'#..≈≈≈≈≈≈...#.@.#####
..#.≈≈≈≈≈≈....#.⌠.#
÷.#.≈≈≈≈≈.....#...#
..#.≈≈≈.......#+###
###...........#
..............#
▓▓▓▓▓▓▓▓▓▓▓▓▓▓▓


You could see a water elemental.

Vanquished Creatures
  Crazy Yiuf (D)
  A human (D)
  2 oozes (D)
  2 rats (D)
6 creatures vanquished.

Vanquished Creatures (others)
  2 draconian scorchers (D)
  6 hellions (D)
  2 yaktaurs (D)
  5 plants (D)
15 creatures vanquished.

Grand Total: 21 creatures vanquished

Notes
Turn   | Place    | Note
-------+----------+-------------------------------------------
     0 | D        | Kidiri the Demigod Skald began the quest for the Orb.
     0 | D        | Reached XP level 1. HP: 17/17 MP: 5/5
     6 | D        | Reached skill level 1 in Armour
     8 | D        | Reached skill level 1 in Stealth
    67 | D        | Reached XP level 2. HP: 24/24 MP: 5/7
    76 | D        | Learned a level 2 spell: Song of Slaying
    79 | D        | Learned a level 2 spell: Shroud of Golubria
    86 | D        | Killed a yaktaur
    90 | D        | Killed a hellion
    90 | D        | Killed a hellion
    96 | D        | Noticed Crazy Yiuf
   106 | D        | HP: 1/24 [Crazy Yiuf/quarterstaff of chaos (15)]
   111 | D        | Killed Crazy Yiuf
   111 | D        | Reached XP level 3. HP: 13/30 MP: 2/10
   137 | D        | Gained mutation: Potions are less effective at restoring your health. [potion of mutation]
   137 | D        | Gained mutation: You are partially covered in large bone plates. (SH +4) [potion of mutation]
   138 | D        | Lost mutation: You are partially covered in large bone plates. (SH +4) [potion of mutation]
   138 | D        | Lost mutation: Potions are less effective at restoring your health. [potion of mutation]
   138 | D        | Gained mutation: Armour fits poorly on your strangely shaped body. [potion of mutation]
   138 | D        | Gained mutation: Your mind is acute. (Int +2) [potion of mutation]
   138 | D        | Gained mutation: You are somewhat resistant to further mutation. [potion of mutation]
   139 | D        | Lost mutation: Armour fits poorly on your strangely shaped body. [potion of mutation]
   139 | D        | Lost mutation: You are somewhat resistant to further mutation. [potion of mutation]
   139 | D        | Lost mutation: Your mind is acute. (Int +2) [potion of mutation]
   139 | D        | Gained mutation: You are robust. (+10% HP) [potion of mutation]
   139 | D        | Gained mutation: You have a pair of small horns on your head. [potion of mutation]
   139 | D        | Killed a white draconian scorcher
   175 | D        | Killed a hellion
   186 | D        | Killed a hellion
   200 | D        | Killed a white draconian scorcher
   201 | D        | Killed a hellion
   217 | D        | Killed a yaktaur
   225 | D        | Killed a hellion
   318 | D        | Reached skill level 1 in Translocations
   444 | D        | Learned a level 3 spell: Regeneration
   447 | D        | Noticed a water elemental
   452 | D        | Slain by a water elemental

Vault maps used:
D:        dungeon_sprint_mu

Skill      XL: |  1  2  3 |
---------------+----------+-----
Fighting       | 2 |  2.6
Long Blades    | 2 3 |  3.3
Armour         | 1 2 |  2.9
Dodging        | 2 |  2.6
Spellcasting   | 2 3 |  3.1
Stealth        | 1 |  1.9
Charms         | 3 |  3.3
Translocations | 1 |  1.2

Action                   || total
-------------------------++-------
Melee: Falchion          ||    28
       Headbutt          ||     4
 Cast: Infusion          ||     4
       Song of Slaying   ||     2
       Shroud of Golubri ||     2
  Use: Potion            ||     5
 Stab: Sleeping          ||     2
Armor: Leather armour    ||     3
Dodge: Dodged            ||    17
       Rpst.: Falchion   ||     7

Table legend:
 A = Spawn XP
 B = Non-spawn XP
 C = Spawn XP percentage of total XP
 D = Spawn monster count
 E = Non-spawn monster count
 F = Spawn count percentage of total count
 G = Total turns spent on level
                    A         B        C        D         E        F      G
               +---------+---------+-------+---------+---------+-------+---------
         Total |       0 |      82 |   0.0 |       0 |       6 |   0.0 |   452
               +---------+---------+-------+---------+---------+-------+---------
             D |       0 |      82 |   0.0 |       0 |       6 |   0.0 |   452
               +---------+---------+-------+---------+---------+-------+---------
